 Dungeon Crawl Stone Soup version 0.31-a0-692-gf03d1854d5 (webtiles) character file.

Game seed: 10775568477955351073

1127 qw the Skirmisher (level 8, 0/49 HPs)
             Began as a Gargoyle Hunter on Sept 6, 2023.
             Slain by an orc
             ... wielding a +2 heavy trident
              (8 damage)
             ... on level 7 of the Dungeon.
             The game lasted 00:02:05 (5182 turns).

qw the Skirmisher (Gargoyle Hunter)                 Turns: 5182, Time: 00:02:05

Health: 0/49       AC: 16    Str: 16    XL:     8   Next: 35%
Magic:  8/8        EV: 11    Int:  9    God:
Gold:   433        SH:  0    Dex: 15    Spells: 7/7 levels left

rFire   . . .        Y - +0 shortbow
rCold   . . .        (shield currently unavailable)
rNeg    + . .        f - +0 ring mail
rPois   inf          e - +2 helmet
rElec   +            (no cloak)
rCorr   .            h - +0 pair of gloves
SInv    .            j - +0 pair of boots
Will    .....        (no amulet)
Stlth   +            (no ring)
HPRegen 0.28/turn    (no ring)
MPRegen 0.11/turn

%: no passive effects
@: about to teleport
A: sickness immunity, AC +5, negative energy resistance 1, electricity
resistance, torment resistance 1, petrification resistance
a: no special abilities


You were on level 7 of the Dungeon.
You visited 2 branches of the dungeon, and saw 8 of its levels.

You collected 433 gold pieces.


Innate Abilities, Weirdness & Mutations

You are immune to sickness and miasma.
Your stone body is resilient. (AC +5)
You are immune to poison.
You resist negative energy. (rN+)
You are resistant to electric shocks. (rElec)
You are resistant to unholy torment.
You are immune to petrification.


   Skills:
 - Level 5.2 Fighting
 + Level 8.9 Ranged Weapons
 - Level 2.9 Armour
 - Level 2.0 Dodging
 - Level 1.1 Stealth


You had 7 spell levels left.
You didn't know any spells.
Your spell library was empty.

Inventory:

Hand Weapons
 Y - a +0 shortbow (weapon)
Armour
 e - a +2 helmet (worn)
 f - a +0 ring mail (worn)
 h - a +0 pair of gloves (worn)
 j - a +0 pair of boots (worn)
Jewellery
 m - a +5 ring of evasion
Scrolls
 c - 2 scrolls of identify
Potions
 a - 2 potions of haste
 b - a potion of mutation {unknown}
 d - a potion of attraction {unknown}
 g - a potion of ambrosia {unknown}
 i - a potion of curing
 l - 2 potions of enlightenment {unknown}

Dungeon Overview and Level Annotations

Branches:
Dungeon (7/15)             Temple (1/1) D:4

Altars:
Ashenzari
Cheibriados
Dithmenos
Fedhas
Gozag
Kikubaaqudgha
Makhleb
Nemelex Xobeh
Qazlal
Ru
Sif Muna
Trog
Uskayaw
Vehumet
Wu Jian
Yredelemnul
Zin
The Shining One

Shops:
D:7 :


Message History

You kill the orc!
You shoot an arrow. The arrow hits the orc!
You kill the orc!
You shoot an arrow. The arrow hits the orc priest.
The orc priest is heavily wounded.
An orc wizard comes into view. It is wielding a +0 dagger.
The orc warrior misses you.
The orc priest invokes the aid of Beogh against you.
Pain shoots through your body!
Enter note:
5177 |||
Found retreat position at 0,1 (floor) with 0 blocking monsters and 2 monsters attacking at destination at distance 1
Enter note:
5177 ||| Stepping ~*~*~tactically~*~*~ (retreating).
The orc priest invokes the aid of Beogh against you.
Beogh smites you!
You shoot an arrow.
The arrow hits the orc warrior but does no damage.
The orc warrior hits you with a +0 long sword!
You shoot an arrow.
The arrow hits the orc warrior but does no damage.
The orc warrior hits you but does no damage.
The orc warrior barely misses you.
You shoot an arrow. The arrow hits the orc warrior.
The orc warrior is lightly wounded.
The orc hits you but does no damage.
The orc priest calls down the wrath of Beogh upon you.
Beogh smites you! The orc warrior barely misses you.
5181 ||| READING scroll of teleportation.
As you read the scroll of teleportation, it crumbles to dust.
You feel strangely unstable.
The orc priest calls upon Beogh to heal the orc warrior.
The orc warrior's wounds heal themselves!
The orc hits you from afar with a +2 heavy trident.
The orc warrior hits you but does no damage.
You hear a shout!
You shoot an arrow. The arrow hits the orc warrior.
The orc warrior is lightly wounded.
The orc warrior hits you but does no damage.
The orc hits you from afar with a +2 heavy trident!
You die...

#o############
#....ooo..o..<
#o# #@# #.#
#.# ## #.#
...# #.# #..#
#.# #..# ###.#
###.. #...#
#.... #.###


You could see an orc warrior, an orc priest, an orc wizard and an orc.

Vanquished Creatures
  2 ice beasts
  2 black bears (D:6)
  A phantom (D:5)
  A scorpion (D:6)
  A bullfrog (D:6)
  2 orc priests
  3 hounds
  3 iguanas
  Ijyb (D:3)
  2 orc wizards
  2 sleepcaps
  9 adders
  2 ufetubi
  A worm (D:4)
  A dart slug (D:3)
  22 orcs
  5 endoplasms
  7 giant cockroaches
  7 goblins
  4 hobgoblins
  9 jackals
  4 kobolds
  3 quokkas
  5 ball pythons
  3 bats
  4 frilled lizards
  2 rats
108 creatures vanquished.

Notes
Turn   | Place    | Note
-------+----------+-------------------------------------------
     0 | D:1      | qw the Gargoyle Hunter began the quest for the Orb.
     0 | D:1      | Reached XP level 1. HP: 12/12 MP: 1/1
     0 | D:1      | 0 ||| qw: Version: 0.3-a-76-g4403597
     0 | D:1      | 0 ||| qw: Game counter: 167
     0 | D:1      | 0 ||| qw: Melee chars always use a shield: true
     0 | D:1      | 0 ||| qw: God list: Okawaru
     0 | D:1      | 0 ||| qw: Allow faded altars: false
     0 | D:1      | 0 ||| qw: Do Orc after clearing Dungeon:15 true
     0 | D:1      | 0 ||| qw: Do second Lair branch before Depths: true
     0 | D:1      | 0 ||| qw: Lair rune preference: random
     0 | D:1      | 0 ||| qw: Goals: Normal
     0 | D:1      | 0 ||| PLANNING D:1-11
   111 | D:1      | Reached XP level 2. HP: 17/17 MP: 2/2
   466 | D:1      | Reached XP level 3. HP: 17/21 MP: 3/3
   589 | D:1      | Reached skill level 5 in Ranged Weapons
   825 | D:1      | 825 ||| READING scroll labelled ZEFYMP AWUWN.
   826 | D:1      | 826 ||| READING scroll labelled XORAZIQ ELLE.
   827 | D:1      | 827 ||| READING scroll labelled CUG RUPLUEPHUC.
   828 | D:1      | 828 ||| DROPPING scroll of butterflies.
  1153 | D:2      | Reached skill level 3 in Fighting
  1258 | D:2      | Reached XP level 4. HP: 28/28 MP: 4/4
  1468 | D:2      | 1468 ||| UPGRADING to +0 pair of gloves.
  1473 | D:2      | 1473 ||| READING scroll labelled WULUTEU VIEPU.
  1474 | D:2      | 1474 ||| READING scroll labelled UDOGIS BIUM.
  1475 | D:2      | 1475 ||| DRINKING 3 brown potions.
  1501 | D:3      | Noticed Ijyb
  1503 | D:3      | 1503 ||| FLEEEEING.
  1514 | D:3      | Killed Ijyb
  1515 | D:3      | 1515 ||| FLEEEEING.
  1516 | D:3      | 1516 ||| FLEEEEING.
  1517 | D:3      | 1517 ||| STAIRDANCE
  1664 | D:3      | Reached XP level 5. HP: 32/32 MP: 5/5
  1696 | D:3      | 1696 ||| DRINKING 2 potions of curing.
  1696 | D:3      | 1696 ||| (to cure confusion)
  1701 | D:3      | 1701 ||| DRINKING potion of curing.
  1701 | D:3      | 1701 ||| (to cure confusion)
  1704 | D:3      | Reached skill level 6 in Ranged Weapons
  1762 | D:3      | You fall into a shaft and drop 3 floors!
  1763 | D:6      | 1763 ||| UPGRADING to +2 helmet.
  1768 | D:6      | 1768 ||| DRINKING 2 bubbling coppery potions.
  1776 | D:5      | Entered Level 5 of the Dungeon
  1800 | D:5      | Noticed a phantom
  1812 | D:5      | Killed a phantom
  1813 | D:5      | Reached XP level 6. HP: 30/37 MP: 6/6
  2200 | D:4      | 2200 ||| UPGRADING to +0 ring mail.
  2210 | D:4      | 2210 ||| DROPPING +0 leather armour.
  2211 | D:4      | 2211 ||| READING scroll labelled PYH EBRUAG.
  2240 | D:4      | 2240 ||| DRINKING 2 bubbling orange potions.
  2241 | D:4      | 2241 ||| DROPPING potion of invisibility.
  2248 | D:4      | 2248 ||| FLEEEEING.
  2249 | D:4      | 2249 ||| STAIRDANCE
  2499 | D:3      | 2499 ||| READING 3 scrolls labelled ILIRAZ ANNA.
  2503 | D:3      | 2503 ||| READING scroll labelled FYSAFOANLOMP.
  2856 | D:4      | Found a staircase to the Ecumenical Temple.
  2857 | D:4      | 2857 ||| PLANNING TEMPLE
  2857 | D:4      | 2857 ||| READING scroll labelled DINONIG NOUPHOTOA.
  2863 | Temple   | Entered the Ecumenical Temple
  2864 | Temple   | 2864 ||| PLANNING D:1-11
  3139 | D:5      | HP: 7/38 [orc priest/divine providence (11)]
  3140 | D:5      | 3140 ||| READING 3 scrolls of teleportation.
  3145 | D:5      | 3145 ||| READING 2 scrolls of teleportation.
  3555 | D:5      | HP: 8/38 [orc priest/+0 quarterstaff (5)]
  3556 | D:5      | 3556 ||| READING scroll of teleportation.
  3978 | D:5      | 3978 ||| UPGRADING to +0 pair of boots.
  3998 | D:6      | Reached skill level 7 in Ranged Weapons
  3998 | D:6      | Reached XP level 7. HP: 42/43 MP: 7/7
  4347 | D:6      | Reached skill level 8 in Ranged Weapons
  4550 | D:6      | Reached XP level 8. HP: 25/49 MP: 8/8
  4583 | D:6      | 4583 ||| FLEEEEING.
  4584 | D:6      | 4584 ||| FLEEEEING.
  4585 | D:6      | 4585 ||| FLEEEEING.
  4589 | D:6      | 4589 ||| FLEEEEING.
  4590 | D:6      | 4590 ||| FLEEEEING.
  4591 | D:6      | 4591 ||| FLEEEEING.
  4592 | D:6      | 4592 ||| FLEEEEING.
  4593 | D:6      | 4593 ||| FLEEEEING.
  4594 | D:6      | 4594 ||| FLEEEEING.
  4595 | D:6      | 4595 ||| FLEEEEING.
  4596 | D:6      | 4596 ||| FLEEEEING.
  4597 | D:6      | 4597 ||| FLEEEEING.
  4598 | D:6      | 4598 ||| FLEEEEING.
  4599 | D:6      | 4599 ||| FLEEEEING.
  4600 | D:6      | 4600 ||| STAIRDANCE
  4634 | D:5      | 4634 ||| READING scroll labelled EFREIBO NUEMM.
  5029 | D:7      | Found Buloobu's Self-Published Books.
  5172 | D:7      | 5172 ||| Stepping ~*~*~tactically~*~*~ (outnumbered).
  5177 | D:7      | 5177 ||| Stepping ~*~*~tactically~*~*~ (retreating).
  5180 | D:7      | HP: 9/49 [orc priest/divine providence (13)]
  5181 | D:7      | 5181 ||| READING scroll of teleportation.
  5182 | D:7      | Slain by an orc

Levels and vault maps discovered:
D:1:      dpeg_arrival_boxorama, layout_basic, minmay_misc_feat_diagonals,
          hex_tiny
D:2:      layout_loops_ring
D:3:      layout_rooms, uniq_ijyb
D:4:      layout_loops_corners, minmay_temple_entry_enclosed_plants,
          nicolae_elevator_lobby_asterisk
D:5:      layout_basic
D:6:      layout_cave_pods
D:7:      minmay_general_purpose_star, layout_loops_ring, okawaru_humans,
          nicolae_custom_books, mrwooster_statue_mirror
Temple:   compressed_dpeg_circular_temple

Skill      XL: |  1  2  3  4  5  6  7  8 |
---------------+-------------------------+-----
Ranged Weapons | 5 6 7 8 |  8.9
Fighting       | 3 4 5 |  5.2
Armour         | 2 |  2.9
Dodging        | 2 |  2.0
Stealth        | |  1.1

Action                     |  1- 3 |  4- 6 |  7- 9 || total
---------------------------+-------+-------+-------++-------
   Fire: Shortbow          |   112 |   252 |   171 ||   535
    Use: Scroll            |     3 |     9 |     2 ||    14
         Potion            |       |     5 |       ||     5
 Armour: Leather armour    |    29 |    44 |       ||    73
         Ring mail         |       |    49 |   107 ||   156
  Dodge: Dodged            |    41 |    55 |    82 ||   178

Table legend:
 A = Non-vault XP
 B = Vault XP
 C = Vault XP percentage of total XP
 D = Non-vault monster count
 E = Vault monster count
 F = Vault count percentage of total count
                 A         B        C        D         E       F
            +---------+---------+-------+---------+---------+-------
      Total |    1575 |      36 |   2.2 |     107 |       1 |   0.9
            +---------+---------+-------+---------+---------+-------
        D:1 |      47 |       0 |   0.0 |      27 |       0 |   0.0
        D:2 |      63 |       0 |   0.0 |      10 |       0 |   0.0
        D:3 |     135 |      36 |  21.1 |      22 |       1 |   4.3
        D:4 |      88 |       0 |   0.0 |      15 |       0 |   0.0
        D:5 |     244 |       0 |   0.0 |       8 |       0 |   0.0
        D:6 |     807 |       0 |   0.0 |      20 |       0 |   0.0
        D:7 |     191 |       0 |   0.0 |       5 |       0 |   0.0
            +---------+---------+-------+---------+---------+-------
